 Dungeon Crawl Stone Soup version 0.25-a0-294-gea9b1ad378 (webtiles) character file.

Game seed: 12767456142638122195, levelgen mode: deterministic

81 night the Firebug (level 4, -10/30 HPs)
             Began as a Demonspawn Fire Elementalist on Dec 17, 2019.
             Mangled by an ogre
             ... wielding a +0 giant club
              (15 damage)
             ... on level 2 of the Dungeon.
             The game lasted 00:05:31 (2452 turns).

night the Firebug (Demonspawn Fire Elementalist)    Turns: 2452, Time: 00:05:33

Health: -10/30     AC:  3    Str:  9    XL:     4   Next: 20%
Magic:  5/8        EV: 12    Int: 17    God:
Gold:   118        SH:  0    Dex: 13    Spells: 7/8 levels left

rFire    + . .     SeeInvis .   d - +0 short sword
rCold    . . .     Gourm    .   (no shield)
rNeg     . . .     Faith    .   a - +0 robe
rPois    .         Spirit   .   (no helmet)
rElec    .         Reflect  .   o - +0 cloak
rCorr    +         Harm     .   (no gloves)
MR       .....                  (no boots)
Stlth    ++........             (no amulet)
HPRegen  0.10/turn              i - ring of resist corrosion
MPRegen  0.11/turn              (no ring)

@: very slightly contaminated
A: claws 1, fire resistance 1
a: no special abilities


You were on level 2 of the Dungeon.
You were not hungry.

You visited 1 branch of the dungeon, and saw 2 of its levels.

You collected 118 gold pieces.

Inventory:

Hand Weapons
 d - a +0 short sword (weapon)
Missiles
 h - 7 curare-tipped darts (quivered)
 n - 8 arrows
Armour
 a - a +0 robe (worn)
 o - a +0 cloak (worn)
 p - a +2 scale mail of poison resistance
Jewellery
 i - a ring of resist corrosion (left claw)
Scrolls
 e - 2 scrolls of teleportation {unknown}
 g - 2 scrolls of identify {unknown}
 j - a scroll of immolation {unknown}
 k - a scroll of enchant weapon {unknown}
 m - a scroll of remove curse {unknown}
Potions
 b - 4 potions of heal wounds {unknown}
 l - a potion of might {unknown}
Comestibles
 c - a ration
 f - a chunk of flesh


   Skills:
 - Level 1.7 Dodging
 - Level 1.7 Stealth
 + Level 2.8 Spellcasting
 + Level 2.3 Conjurations
 + Level 3.5 Fire Magic


You had 7 spell levels left.
You knew the following spells:

 Your Spells              Type           Power        Failure   Level  Hunger
a - Foxfire               Conj/Fire      ##..         5%          1    #......

Your spell library contained the following spells:

 Spells                   Type           Power        Failure   Level  Hunger
 Conjure Flame            Conj/Fire      ##......     16%         3    ###....
 Inner Flame              Hex/Fire       #.......     26%         3    ###....
 Sticky Flame             Conj/Fire      ##......     47%         4    #####..
 Fireball                 Conj/Fire      ##........   83%         5    ######.


Dungeon Overview and Level Annotations

Branches:
Dungeon (2/15)

Altars:
The Shining One


Innate Abilities, Weirdness & Mutations

You have sharp fingernails.
Your flesh is heat resistant. (rF+)


Message History

Confirm with . or Enter, or press ? or * to list all spells.
You miscast Foxfire.
You are very lightly contaminated with residual magic.
Nothing appears to happen.
The ogre hits you with a +0 giant club!!
Ouch! That really hurt!
* * * LOW HITPOINT WARNING * * *
Really walk into that dispersal trap?
You enter a dispersal trap!
The ogre blinks! x2; You blink.
You see here 18 stones.
Casting: Foxfire (safe; 5% risk of failure)
Confirm with . or Enter, or press ? or * to list all spells.
You conjure some foxfire!
The ogre hits you but does no damage.
The foxfire hits the ogre but does no damage.
The ogre is severely wounded.
The foxfire hits the ogre.
The ogre is severely wounded.
The ogre hits you with a +0 giant club!
Ouch! That really hurt!
You die...

#.## #.# #.# ########.# ### #.
#........# #.. #+ #.#####..###
#.# ... #..........# #.# # ....
#..##.#.##.# #.#### ## .....
#.......##.# ##.##.## ##.
......##.#...###.####.....^####..
.....['....)....@O............'..
......##.#[..###.##........####..
>.... #.##..# #.#..(.......# ##.
.... #.........##........## ##
(O. #####.#######......## # #'
#.# ##....## # #.# ##)#.# #.#
###.# #.#


You could see an ogre.

Vanquished Creatures
  2 adders (D:2)
  4 worms (D:2)
  2 dart slugs
  2 leopard geckos (D:1)
  3 giant cockroaches
  7 goblins
  2 hobgoblins
  6 jackals
  A ball python (D:1)
  4 bats
  2 frilled lizards (D:2)
  5 kobolds
  7 rats
47 creatures vanquished.

Vanquished Creatures (others)
  99 foxfires
99 creatures vanquished.

Grand Total: 146 creatures vanquished

Notes
Turn   | Place    | Note
-------+----------+-------------------------------------------
     0 | D:1      | night the Demonspawn Fire Elementalist began the quest for
                  | the Orb.
     0 | D:1      | Reached XP level 1. HP: 13/13 MP: 3/3
   186 | D:1      | Gained mutation: Your flesh is heat resistant. (rF+)
                  | [demonic ancestry]
   186 | D:1      | Reached XP level 2. HP: 19/19 MP: 3/5
   237 | D:1      | Reached skill level 3 in Fire Magic
  1286 | D:1      | Found a glowing golden altar of the Shining One.
  1409 | D:2      | Reached XP level 3. HP: 24/24 MP: 1/6
  2299 | D:2      | Gained mutation: You have sharp fingernails. [demonic
                  | ancestry]
  2299 | D:2      | Reached XP level 4. HP: 30/30 MP: 4/8
  2402 | D:2      | Noticed an ogre
  2452 | D:2      | Mangled by an ogre

Levels and vault maps discovered:
D:1:      dpeg_arrival_yet_another_circle, layout_loops_corners, tso_altar
D:2:      layout_loops_corners, gammafunk_temple_overflow_claw

Skill      XL: |  1  2  3 |
---------------+----------+-----
Fire Magic     | 3 |  3.5
Conjurations   | 2 |  2.3
Dodging        | |  1.7
Stealth        | |  1.7
Spellcasting   | |  2.8

Action                   |  1- 3 |  4- 6 || total
-------------------------+-------+-------++-------
Melee: Short sword       |    44 |     5 ||    49
Throw: Dart              |       |     1 ||     1
 Cast: Foxfire           |    52 |     8 ||    60
 Stab: Sleeping          |     4 |       ||     4
  Eat: Chunk             |     4 |     1 ||     5
Armor: Robe              |    12 |     2 ||    14
Dodge: Dodged            |    33 |     9 ||    42

Table legend:
 A = Non-vault XP
 B = Vault XP
 C = Vault XP percentage of total XP
 D = Non-vault monster count
 E = Vault monster count
 F = Vault count percentage of total count
                 A         B        C        D         E       F
            +---------+---------+-------+---------+---------+-------
      Total |     117 |       0 |   0.0 |      47 |       0 |   0.0
            +---------+---------+-------+---------+---------+-------
        D:1 |      40 |       0 |   0.0 |      22 |       0 |   0.0
        D:2 |      77 |       0 |   0.0 |      25 |       0 |   0.0
            +---------+---------+-------+---------+---------+-------
